 Dungeon Crawl Stone Soup version 0.30-a0-1160-g6e42c06551 (webtiles) character file.

Game seed: 6642066601376401428

35 qeuew the Ruffian (level 3, -2/36 HPs)
             Began as a Troll Berserker on Apr 26, 2023.
             Was a Believer of Trog.
             Slain by a goblin
             ... wielding a +0 club
             ... led by Robin
              (5 damage)
             ... on level 2 of the Dungeon.
             The game lasted 00:01:16 (851 turns).

qeuew the Ruffian (Troll Berserker)                  Turns: 851, Time: 00:01:16

Health: -2/36      AC:  4    Str: 26 (27) XL:     3   Next: 17%
Magic:  2/2        EV: 10    Int:  1 (3)  God:    Trog [**....]
Gold:   85         SH:  0    Dex:  8 (9)  Spells: 2/2 levels left

rFire   + .          .
                       - Unarmed
rCold   + . .        (no shield)
rNeg    . . .        a - +0 animal skin
rPois   .            (helmet restricted)
rElec   .            c - scarf {rC+ rF+}
rCorr   .            (gloves unavailable)
SInv    .            (boots unavailable)
Will    .....        (no amulet)
Stlth   +            (no ring)
HPRegen 1.06/turn    (no ring)
MPRegen 0.08/turn

%: no passive effects
@: no status effects
A: large, unfitting armour, claws 3, regeneration 1, shaggy fur 1, tough skin 1
a: Renounce Religion, Berserk, Trog's Hand


You were on level 2 of the Dungeon.
You worshipped Trog.
Trog was pleased with you.
You visited 1 branch of the dungeon, and saw 2 of its levels.

You collected 85 gold pieces.

Inventory:

Armour
 a - a +0 animal skin (worn)
 c - a scarf of resistance (worn)
Scrolls
 b - a scroll of identify
 e - a scroll of immolation {unknown}
Potions
 d - a potion of attraction {unknown}
 f - 3 potions of curing
 h - a potion of berserk rage


   Skills:
 - Level 2.4 Fighting
 - Level 2.4 Dodging
 * Level 4.3 Unarmed Combat


You had 2 spell levels left.
You didn't know any spells.
Your spell library was empty.

Dungeon Overview and Level Annotations

Branches:
Dungeon (2/15)

Altars:
Ashenzari

Annotations:
D:2 Robin


Innate Abilities, Weirdness & Mutations

You are too large for most types of armour.
You have claws for hands.
Your natural rate of healing is unusually fast.
You are covered in fur. (AC +1)
You have tough skin. (AC +1)


Message History

The goblins go into a battle-frenzy!
You hear a shout!
A goblin and a hobgoblin come into view.
The hobgoblin shouts!
You hear a shout! x2
A goblin comes into view. It is wielding a +0 dagger. x2
A goblin comes into view. It is wielding a +0 club.
The goblin shouts!
You hear a shout!
Robin throws the goblin at you!
A goblin comes into view. It is wielding a +0 club.
The goblin misses you.
You closely miss the goblin.
A goblin comes into view. It is wielding a +0 club.
A goblin opens the door.
The goblin hits you with a +0 dagger.
You closely miss the goblin. The goblin closely misses you.
A goblin comes into view. It is wielding a +0 dagger.
The goblin hits you with a +0 dagger.
You claw the goblin!
You kill the goblin!
Trog accepts your kill. Robin throws the goblin at you!
The goblin hits you with a +0 dagger. The goblin hits you with a +0 club.
The goblin hits you but does no damage.
You barely miss the hobgoblin.
Robin says, "Kneel, worm!"
Robin throws the goblin at you!
A hobgoblin comes into view.
The hobgoblin barely misses you. The goblin hits you with a +0 dagger.
The goblin hits you but does no damage. The goblin hits you with a +0 club.
The goblin barely misses you.
You barely miss the goblin. The hobgoblin hits you.
The goblin hits you with a +0 dagger.
* * * LOW HITPOINT WARNING * * *
The goblin barely misses you. The goblin closely misses you.
The goblin hits you with a +0 club.
* * * LOW HITPOINT WARNING * * *
You scratch the goblin.
The goblin is moderately wounded.
The hobgoblin hits you.
* * * LOW HITPOINT WARNING * * *
The goblin hits you but does no damage. The goblin hits you with a +0 club.
You die...

######
##..###.#.##.##.......#
##.# #.#.##.##########
#.# #....#.#######
###.. #....#.#.....#
......#....#.#.....#
......#.#.##.#.....#
......#.#.##'#.....#
.....g#g#.#........#
...gggg@g..........#
..g#..ggg.#........#
##.....#......###
#..>..#....###
#####.#....# #.#..#...
#.#.##.... #.... ....


You could see Robin, 2 hobgoblins and 8 goblins.

Vanquished Creatures
  A dart slug (D:1)
  4 endoplasms
  2 giant cockroaches (D:1)
  3 goblins
  4 hobgoblins (D:1)
  A quokka (D:1)
  5 ball pythons (D:1)
  2 bats (D:1)
  3 frilled lizards (D:1)
  2 kobolds (D:1)
  6 rats
33 creatures vanquished.

Notes
Turn   | Place    | Note
-------+----------+-------------------------------------------
     0 | D:1      | qeuew the Troll Berserker began the quest for the Orb.
     0 | D:1      | Reached XP level 1. HP: 22/22 MP: 0/0
   167 | D:1      | Reached XP level 2. HP: 29/29 MP: 1/1
   273 | D:1      | Reached ** piety under Trog
   277 | D:1      | Reached skill level 4 in Unarmed Combat
   515 | D:1      | Reached XP level 3. HP: 36/36 MP: 2/2
   770 | D:2      | Found a broken altar of Ashenzari.
   843 | D:2      | Noticed Robin
   851 | D:2      | Slain by a goblin

Illustrated notes

Levels and vault maps discovered:
D:1:      evilmike_arrival_rings, layout_basic
D:2:      layout_basic, basic_altar, uniq_robin

Skill      XL: |  1  2 |
---------------+-------+-----
Unarmed Combat | 4 |  4.3
Fighting       | |  2.4
Dodging        | |  2.4

Action                     || total
---------------------------++-------
  Melee: Unarmed           ||    69
         Punch             ||     1
    Use: Scroll            ||     4
         Potion            ||     1
   Stab: Sleeping          ||     2
 Armour: Animal skin       ||    12
  Dodge: Dodged            ||    38

Table legend: (Time is in decaauts)
 A = Elapsed time spent in this place.
 B = Non-inter-level travel time spent in this place.
 C = Inter-level travel time spent in this place.
 D = Time resting spent in this place.
 E = Time spent auto-exploring this place.
 F = Levels seen in this place.
 G = Mean time per level.
                   A        B        C        D        E       F      G
               +--------+--------+--------+--------+--------+-----+--------+
         Total |    845 |    828 |     17 |      0 |    655 |   2 |  422.5 |
       Dungeon |    845 |    828 |     17 |      0 |    655 |   2 |  422.5 |
               +--------+--------+--------+--------+--------+-----+--------+

Top non-repeatable levels by time:
     D:1: 651 daAuts
     D:2: 193 daAuts
